Map: Celestial Enclave LE

Players

theuncleTin - Winner!

  • Race: Terran Terran
  • League: Silver
  • Spawn Location: 1:00

Fury

  • Race: Protoss Protoss
  • League: Gold
  • Spawn Location: 7:00

VOD

Have the link to the VOD?

Description

Time

  • Played on: Dec. 8, 2025, 2:13 p.m.
  • Length: 6:49
Show
View Real Time Build Order
Export as new Build Order

theuncleTin Terran - Winner!

Build Orders:  

Get SALT Encoding   

  12  0:00  SCV  
  13  0:12  SCV  
  14  0:23  Supply Depot  
  14  0:25  SCV  
  15  0:44  SCV  
  15  0:45  Barracks  
  16  0:50  Refinery  
  16  0:56  SCV  
  17  1:01  Refinery  
  17  1:08  SCV  
  18  1:21  SCV  
  19  1:32  Supply Depot  
  19  1:33  Orbital Command  
  19  1:35  Barracks Reactor  
  19  1:50  Factory  
  19  1:59  SCV  
  20  2:11  SCV  
  20  2:14  Marine x2  
  23  2:32  Marine x2  
  23  2:34  Supply Depot  
  23  2:35  Factory Tech Lab  
  25  2:39  Starport  
  25  2:40  SCV  
  25  2:57  Siege Tank  
  25  3:13  Marine x2  
  25  3:17  Medivac  
  26  3:29  Siege Tank  
  26  3:31  Marine x2  
  30  4:00  Marine  
  31  4:11  Supply Depot  
  31  4:28  Marine x2, Siege Tank  
  31  4:29  SCV  
  37  4:33  Supply Depot  
  37  4:41  SCV  
  38  4:45  Marine x2  
  40  5:03  Marine x2  
  42  5:18  Viking  
  42  5:20  Siege Tank  
  47  5:21  Marine x2  
  49  5:33  Command Center  
  49  5:44  Supply Depot  
  47  5:51  Marine  
  47  5:52  Marine, Siege Tank  
  52  6:02  SCV  
  53  6:09  Marine  
Show
View Real Time Build Order
Export as new Build Order

Fury Protoss 

Build Orders:  

Get SALT Encoding   

  12  0:00  Probe  
  13  0:13  Probe  
  14  0:21  Probe  
  15  0:39  Pylon  
  15  0:46  Assimilator  
  15  0:51  Pylon  
  15  0:55  Probe  
  15  1:03  Probe  
  17  1:17  Nexus  
  17  1:25  Gateway  
  17  1:36  Gateway  
  18  1:40  Probe  
  18  1:45  Assimilator  
  18  2:03  Probe  
  19  2:09  Zealot  
  19  2:15  Probe  
  21  2:26  Cybernetics Core  
  21  2:28  Probe  
  21  2:29  Zealot  
  24  2:32  Probe  
  25  2:40  Probe  
  25  2:41  Gateway  
  25  2:44  Probe  
  27  2:50  Zealot  
  27  2:52  Probe  
  27  2:56  Probe  
  31  3:00  Zealot  
  29  3:09  Probe x2  
  31  3:16  Stalker  
  31  3:21  Probe, Stalker  
  36  3:27  Probe  
  36  3:30  Pylon  
  36  3:31  Warp Gate  
  36  3:33  Probe  
  38  3:39  Probe  
  35  4:11  Assimilator  
  35  4:12  Assimilator  
  31  4:19  Forge  
  31  4:23  Gateway  
  31  4:24  Gateway  
  31  4:27  Stalker  
  33  4:33  Probe x2  
  35  4:38  Pylon  
  35  4:41  Probe, Pylon  
  36  4:48  Pylon  
  36  4:52  Twilight Council  
  36  4:58  Photon Cannon  
  36  4:59  Probe x2  
  36  5:01  Photon Cannon  
  36  5:05  Stalker  
  38  5:08  Stalker  
  38  5:12  Probe  
  43  5:19  Probe  
  44  5:24  Probe  
  45  5:30  Pylon  
  45  5:31  Probe  
  46  5:36  Probe  
  47  5:49  Stalker x3  
  53  6:03  Gateway x2  
  53  6:13  Stalker  
  46  6:31  Probe x2  
  39  6:37  Stalker  
Tags
 
Add a new tag
Caveats
  • Supply blocks, unpowered buildings, or Contaminate may cause inaccurate times.
  • Supply counts are checked every 10 seconds.